 Dungeon Crawl Stone Soup version 0.32-a0-128-g77eb882913 (webtiles) character file.

Game seed: 15881733602613277210

67 Ge0ff the Poker (level 4, -2/30 (33) HPs)
             Began as a Mummy Reaver on Feb 8, 2024.
             Slain by a gnoll
             ... wielding a +0 halberd
              (10 damage)
             ... on level 2 of the Dungeon.
             The game lasted 00:02:30 (1341 turns).

Ge0ff the Poker (Mummy Reaver)                      Turns: 1341, Time: 00:02:31

HP:   -2/30 (33)    AC:  7    Str: 17    XL:     4   Next: 0%
MP:   8/8           EV:  5    Int: 12    God:
Gold: 108           SH:  0    Dex: 10    Spells: 7/8 levels left

rFire   x . .        a - +0 spear
rCold   + . .        (no shield)
rNeg    + + +        d - +1 ring mail {rPois}
rPois   ∞            e - +0 helmet
rElec   .            (no cloak)
rCorr   .            (no gloves)
SInv    .            (no boots)
Will    .....        (no amulet) Stlth
                     (no ring)
HPRegen 0.25/turn    (no ring)
MPRegen 0.11/turn

%: faith
@: held, drained
A: cold resistance 1, negative energy resistance 3, torment resistance 2, heat
vulnerability 1, in touch with death 1, no potions, faith
a: no special abilities


You were on level 2 of the Dungeon.
You visited 1 branch of the dungeon, and saw 3 of its levels.

You collected 108 gold pieces.

Inventory:

Hand Weapons
 a - a +0 spear (weapon)
Missiles
 f - 20 stones
 i - 11 poisoned darts (quivered)
Armour
 d - a +1 ring mail of poison resistance (worn)
 e - a +0 helmet (worn)
 g - a +0 chain mail
 h - a +0 plate armour
Scrolls
 T - a scroll of teleportation


   Skills:
 - Level 2.0 Fighting
 + Level 4.0 Polearms
 - Level 1.5 Dodging
 - Level 2.6 Spellcasting
 - Level 2.4 Conjurations


You had 7 spell levels left.
You knew the following spells:

 Your Spells              Type           Power      Damage    Failure   Level
E - Kiss of Death         Conj/Necr      24%        2d7       28%         1

Your spell library contained the following spells:

 Spells                   Type           Power      Damage    Failure   Level
 Momentum Strike          Conj/Tloc      8%         3d8       41%         2
 Hailstorm                Conj/Ice       4%         3d5       65%         3


Dungeon Overview and Level Annotations

Branches:
Dungeon (3/15) Zot: 16667

Altars:


Innate Abilities, Weirdness & Mutations

You are immune to poison.
Your flesh is cold resistant. (rC+)
You are immune to negative energy. (rN+++)
You are immune to unholy pain and torment.
You are vulnerable to heat. (rF-)
You are in touch with the powers of death.
You do not drink.
You have a special connection with the divine. (Faith)


Message History

You hit the kobold but do no damage.
The kobold is moderately wounded.
The kobold hits you but does no damage.
You closely miss the kobold.
The kobold is moderately wounded.
The kobold hits you but does no damage.
You closely miss the kobold.
The kobold is moderately wounded.
The kobold barely misses you.
You hit the kobold.
The kobold is heavily wounded.
The kobold hits you with a +0 short sword.
You barely miss the kobold.
The kobold is heavily wounded.
You hit the kobold.
You kill the kobold!
You have reached level 4!
i - 11 poisoned darts (gained 6)
Things that are here:
a +0 short sword; a kobold corpse; a dart slug corpse You now have 108 gold pieces (gained 17).
Things that are here:
a +0 flail; a gnoll corpse
f - 20 stones (gained 4)
You start resting.
HP restored.
There is a stone staircase leading up here.
You climb upwards.
The adder completely misses you. The rat closely misses you.
The gnoll closely misses you. The adder bites you but does no damage.
The gnoll closely misses you. The rat bites you but does no damage.
The gnoll hits you from afar with a +0 halberd!
There is a stone staircase leading down here.
You open the door. The bat hits you but does no damage.
The adder barely misses you. The gnoll misses you.
The rat completely misses you.
The gnoll throws a throwing net.
The throwing net hits you.
You become entangled in the net!
The adder bites you but does no damage.
You struggle against the net.
The gnoll completely misses you. The adder bites you but does no damage.
The bat hits you but does no damage. The rat bites you but does no damage.
The gnoll barely misses you.
You struggle against the net.
The bat hits you but does no damage. The gnoll hits you with a +0 whip.
The adder bites you but does no damage. The rat bites you but does no damage.
The gnoll hits you from afar with a +0 halberd!
* * * LOW HITPOINT WARNING * * *
You struggle against the net.
The bat hits you but does no damage. The adder bites you but does no damage.
The gnoll hits you but does no damage. The rat bites you but does no damage.
The gnoll hits you from afar with a +0 halberd!
You die...

.........'.###.#.................
.........#.....######'######.####
.........#.....### #.######.#
.........##......####'#<...††#
.........##....#.#...........#
.........##....#.#...........#
.........##......#...........#
.).......####...r#...........#
########.......S@#...........#
#........g'...........#
.####......g.b#...........#
.......[......)......#####
.....................#
.....................#
.......######........# .......
#........# #...... #........#


You could see 2 gnolls, an adder, a bat and a rat.

Vanquished Creatures
  2 gnolls
  5 dart slugs
  4 endoplasms
  4 giant cockroaches (D:1)
  4 goblins
  2 hobgoblins
  6 kobolds
  A quokka (D:1)
  4 ball pythons (D:1)
  A bat (D:1)
  2 frilled lizards (D:1)
  3 rats
38 creatures vanquished.

Notes
Turn   | Place    | Note
-------+----------+-------------------------------------------
     0 | D:1      | Ge0ff the Mummy Reaver began the quest for the Orb.
     0 | D:1      | Reached XP level 1. HP: 16/16 MP: 4/4
   168 | D:1      | Reached skill level 3 in Polearms
   168 | D:1      | Reached XP level 2. HP: 19/22 MP: 5/5
   532 | D:1      | Reached XP level 3. HP: 4/27 MP: 7/7
   700 | D:1      | Found a faded altar of an unknown god.
  1276 | D:3      | Reached skill level 4 in Polearms
  1294 | D:3      | Reached XP level 4. HP: 20/30 MP: 8/8
  1341 | D:2      | Slain by a gnoll

Illustrated notes

Levels and vault maps discovered:
D:1:      dpeg_arrival_rooms_with_view, layout_basic,
          shapermc_ecumenical_altar_acropolis
D:2:      layout_basic, basic_altar, grunt_decor_resistance,
          minmay_heptomino_o4, uniq_terence
D:3:      layout_rooms, minmay_lizard_king, uniq_sigmund

Skill      XL: |  1  2  3 |
---------------+----------+-----
Polearms       | 3 4 |  4.0
Fighting       | |  2.0
Dodging        | |  1.5
Spellcasting   | |  2.6
Conjurations   | |  2.4

Action                     |  1- 3 |  4- 6 || total
---------------------------+-------+-------++-------
  Melee: Spear             |   163 |       ||   163
         Punch             |     4 |       ||     4
   Cast: Kiss of Death     |     1 |       ||     1
    Use: Scroll            |     2 |       ||     2
 Armour: Ring mail         |    82 |    18 ||   100
         Leather armour    |     2 |       ||     2
         Skin              |     1 |       ||     1
  Dodge: Dodged            |    80 |     9 ||    89

Table legend: (Time is in decaauts)
 A = Elapsed time spent in this place.
 B = Non-inter-level travel time spent in this place.
 C = Inter-level travel time spent in this place.
 D = Time resting spent in this place.
 E = Time spent auto-exploring this place.
 F = Levels seen in this place.
 G = Mean time per level.
                   A        B        C        D        E       F      G
               +--------+--------+--------+--------+--------+-----+--------+
         Total |   1331 |   1322 |      9 |     32 |    843 |   3 |  443.7 |
       Dungeon |   1331 |   1322 |      9 |     32 |    843 |   3 |  443.7 |
               +--------+--------+--------+--------+--------+-----+--------+

Top non-repeatable levels by time:
     D:1: 964 daAuts
     D:2: 304 daAuts
     D:3: 62 daAuts
